 Dungeon Crawl Stone Soup version 0.31-a0-620-gd1cbd99268 (webtiles) character file.

Game seed: 11424152238990072631

492 heikuro the Shield-Bearer (level 7, -6/49 (55) HPs)
             Began as a Formicid Fighter on Aug 23, 2023.
             Mangled by a gnoll
             ... wielding a +0 flail
              (8 damage)
             ... on level 3 of the Dungeon.
             The game lasted 00:05:25 (1830 turns).

heikuro the Shield-Bearer (Formicid Fighter)        Turns: 1830, Time: 00:05:26

HP:   -6/49 (55)    AC:  7    Str: 23    XL:     7   Next: 37%
MP:   7/7           EV:  9    Int:  7    God:
Gold: 155           SH: 10    Dex: 13    Spells: 6/6 levels left

rFire   . . .        a - +0 war axe
rCold   . . .        c - +0 buckler
rNeg    . . .        b - +0 scale mail
rPois   .            (helmet unavailable)
rElec   .            (no cloak)
rCorr   .            (no gloves)
SInv    +            (no boots)
Will    .....        j - amulet of reflection Stlth
                     (no ring)
HPRegen 0.28/turn    (no ring)
MPRegen 0.10/turn

%: reflection
@: heavily drained
A: permanent stasis, dig shafts and tunnels, antennae 3, four strong arms
a: Dig, Shaft Self


You were on level 3 of the Dungeon.
You visited 1 branch of the dungeon, and saw 3 of its levels.

You collected 155 gold pieces.

Inventory:

Hand Weapons
 a - a +0 war axe (weapon)
Armour
 b - a +0 scale mail (worn)
 c - a +0 buckler (worn)
Jewellery
 j - an amulet of reflection (around neck)
 l - a +5 ring of evasion
Scrolls
 f - 2 scrolls of identify {unknown}
 i - a scroll of silence {unknown}
 m - a scroll of vulnerability {unknown}
 o - a scroll of teleportation {unknown}
 p - a scroll of butterflies {unknown}
 q - a scroll of enchant armour {unknown}
Potions
 d - a potion of might
 e - 2 potions of degeneration {unknown}
 g - a potion of haste {unknown}
 h - a potion of enlightenment {unknown}
 k - a potion of attraction {unknown}
 n - a potion of heal wounds {unknown}
 r - a potion of invisibility {unknown}


   Skills:
 + Level 4.8 Fighting
 * Level 4.9 Axes
 + Level 4.8 Armour
 + Level 5.9 Shields


You had 6 spell levels left.
You didn't know any spells.
Your spell library contained the following spells:

 Spells                   Type           Power      Damage    Failure   Level
 Volatile Blastmotes      Fire/Tloc      0%         2d10      99%         3
 Fulminant Prism          Conj/Hex       0%         3d5       100%        4
 Iskenderun's Mystic Bla  Conj/Tloc      0%         2d3       100%        4


Dungeon Overview and Level Annotations

Branches:
Dungeon (3/15)

Altars:
Xom

Shops:
D:1 *![([

Annotations:
D:3 Jessica


Innate Abilities, Weirdness & Mutations

You cannot be hasted, slowed, berserked, paralysed or teleported.
You can dig through walls and to a lower floor.
You have a pair of large antennae on your head. (SInv)
Your four strong arms can wield two-handed weapons with a shield.


Message History

You feel drained.
Unknown command.
You struggle against the net.
Jessica gestures wildly.
Jessica hits you with a +0 dagger of draining.
You feel drained.
The gnoll hits you from afar with a +0 halberd!
The gnoll hits you from afar with a +0 spear!
Unknown command.
You tear a large gash into the net.
Jessica hits you with a +0 dagger of draining.
* * * LOW HITPOINT WARNING * * *
You feel drained.
The gnoll hits you from afar with a +0 spear.
* * * LOW HITPOINT WARNING * * *
The gnoll barely misses you. The gnoll hits you with a +0 flail.
* * * LOW HITPOINT WARNING * * *
Jessica barely misses you.
Unknown command.
You struggle against the net.
Jessica hits you but does no damage.
You feel drained. The gnoll hits you but does no damage.
The gnoll hits you from afar with a +0 spear.
* * * LOW HITPOINT WARNING * * *
The gnoll barely misses you.
Unknown command.
Unknown command.
You shred the net and break free! Jessica hits you but does no damage.
You feel drained. You block the gnoll's attack.
A gnoll comes into view. It is wielding a +0 spear.
The gnoll hits you but does no damage. The gnoll barely misses you.
Jessica barely misses you.
Unknown command.
The gnoll shouts!
Jessica closely misses you. You block the gnoll's attack.
The gnoll barely misses you. The gnoll hits you with a +0 flail.
* * * LOW HITPOINT WARNING * * *
You begin to dig a shaft.
You continue digging a shaft.
You block Jessica's attack. You block the gnoll's attack.
The gnoll hits you with a +0 flail!
You die...

....# #.##..#
....#
###.###.###.#
....#
............#
....# #
###.##.#.##.#
....#
#.###.##.#.#
#####
......)...#
.###.##.#)#.#
.....(..g)#...
#.##.#@#.#.##.#
......@)#...# #
.#.#..)gg.#.#
...(..#.#...
...#(.......##.
.# #.#.##.#. .
.... .... .#.##
##


You could see 3 gnolls and Jessica (fast).

Vanquished Creatures
  Sigmund (D:2)
  4 crimson imps (D:3)
  Natasha (thrice) (D:2)
  3 gnolls (D:3)
  2 adders (D:2)
  A worm (D:2)
  2 dart slugs
  An orc (D:3)
  5 ball pythons
  5 bats
  4 endoplasms
  3 giant cockroaches
  10 goblins
  5 hobgoblins
  3 jackals (D:1)
  3 frilled lizards (D:2)
  7 kobolds
  4 rats
66 creatures vanquished.

Notes
Turn   | Place    | Note
-------+----------+-------------------------------------------
     0 | D:1      | heikuro the Formicid Fighter began the quest for the Orb.
     0 | D:1      | Reached XP level 1. HP: 18/18 MP: 1/1
    81 | D:1      | Found Dotelac's Antique Armour Shoppe.
    82 | D:1      | Found Roysch's Distillery.
    83 | D:1      | Found a faded altar of an unknown god.
   130 | D:1      | Reached XP level 2. HP: 20/24 MP: 2/2
   194 | D:1      | Found Xyose's Assorted Antiques.
   301 | D:1      | Found Pawoihe's Weapon Shoppe.
   376 | D:1      | Found Xejary's Armour Boutique.
   577 | D:1      | Reached XP level 3. HP: 29/29 MP: 3/3
   895 | D:2      | Noticed Natasha
   906 | D:2      | Killed Natasha
   907 | D:2      | Reached XP level 4. HP: 30/37 MP: 4/4
  1068 | D:2      | Noticed Natasha
  1077 | D:2      | Killed Natasha
  1078 | D:2      | Reached XP level 5. HP: 36/42 MP: 5/5
  1086 | D:2      | Noticed Natasha
  1091 | D:2      | Killed Natasha
  1092 | D:2      | Reached skill level 5 in Shields
  1117 | D:2      | Noticed Sigmund
  1130 | D:2      | Killed Sigmund
  1131 | D:2      | Reached XP level 6. HP: 26/49 MP: 6/6
  1660 | D:3      | Found a shimmering altar of Xom.
  1691 | D:3      | Reached XP level 7. HP: 41/55 MP: 7/7
  1802 | D:3      | Noticed Jessica
  1829 | D:3      | HP: 2/49 [gnoll/+0 flail (2)]
  1830 | D:3      | Mangled by a gnoll

Illustrated notes

Levels and vault maps discovered:
D:1:      dpeg_arrival_long_road, layout_loops_ring,
          shapermc_ecumenical_altar_mp_highgroup, serial_shops,
          nicolae_shop_waterfront, nicolae_lakefront_shop, shop, shop,
          nicolae_shop_real_fake_doors
D:2:      minmay_diamond_boxcup, layout_basic, hangedman_decor_points,
          uniq_sigmund, uniq_natasha
D:3:      layout_rooms, led_xom_imps, chequers_serial_rivers_small_b,
          minmay_diced_spiral, uniq_ijyb, uniq_terence, uniq_jessica

Skill      XL: |  1  2  3  4  5 |
---------------+----------------+-----
Axes           | 3 4 |  4.9
Fighting       | 4 |  4.8
Armour         | 4 |  4.8
Shields        | 5 |  5.9

Action                     |  1- 3 |  4- 6 |  7- 9 || total
---------------------------+-------+-------+-------++-------
  Melee: War axe           |    70 |    96 |    34 ||   200
Ability: Shaft Self        |       |       |     1 ||     1
 Armour: Scale mail        |    27 |    37 |    10 ||    74
  Dodge: Dodged            |    29 |    34 |    26 ||    89
  Block: Buckler           |    29 |    47 |    29 ||   105
         Reflection        |       |       |     1 ||     1

Table legend: (Time is in decaauts)
 A = Elapsed time spent in this place.
 B = Non-inter-level travel time spent in this place.
 C = Inter-level travel time spent in this place.
 D = Time resting spent in this place.
 E = Time spent auto-exploring this place.
 F = Levels seen in this place.
 G = Mean time per level.
                   A        B        C        D        E       F      G
               +--------+--------+--------+--------+--------+-----+--------+
         Total |   1899 |   1854 |     45 |    144 |   1020 |   3 |  633.0 |
       Dungeon |   1899 |   1854 |     45 |    144 |   1020 |   3 |  633.0 |
               +--------+--------+--------+--------+--------+-----+--------+

Top non-repeatable levels by time:
     D:2: 877 daAuts
     D:1: 730 daAuts
     D:3: 291 daAuts
